 Dungeon Crawl Stone Soup version 0.31-a0-455-g1a7b003ef0 (webtiles) character file.

Game seed: 113411003193750555

17395 experimilk the Grappler (level 12, -14/126 HPs)
             Began as a Troll Gladiator on July 31, 2023.
             Was a Priest of Uskayaw.
             Demolished by a small abomination (17 damage)
             ... in a Gauntlet on Aug 3, 2023.
             The game lasted 00:41:01 (13501 turns).

experimilk the Grappler (Troll Gladiator)          Turns: 13501, Time: 00:41:02

Health: -14/126    AC: 11    Str: 29    XL:     12   Next: 18%
Magic:  7/17       EV:  9    Int:  2    God:    Uskayaw [***...]
Gold:   560        SH:  0    Dex: 11    Spells: 11/11 levels left

rFire   . .          .
                       - Unarmed
rCold   + + .        (no shield)
rNeg    . . .        d - +0 acid dragon scales
rPois   .            o - +2 hat
rElec   .            h - +0 cloak
rCorr   +            (gloves unavailable)
SInv    .            (boots unavailable)
Will    .....        (no amulet)
Stlth   +            B - ring of protection from cold
HPRegen 1.21/turn    l - ring of protection from cold
MPRegen 0.15/turn

%: no teleportation
@: no status effects
A: large, unfitting armour, claws 3, regeneration 1, shaggy fur 1, tough skin 1,
dopey 1
a: Renounce Religion, Stomp, Line Pass


You were in a Gauntlet.
You worshipped Uskayaw.
Uskayaw was aware of your devotion.
You visited 3 branches of the dungeon, and saw 13 of its levels.
You also visited: Sewer and Gauntlet.

You collected 700 gold pieces.
You spent 140 gold pieces at shops.

Inventory:

Missiles
 c - 3 throwing nets
 f - a curare-tipped dart
 t - 8 boomerangs (quivered)
 u - 108 stones
 y - 25 poisoned darts
 E - a large rock
Armour
 a - a +0 robe
 d - +0 acid dragon scales (worn)
 h - a +0 cloak (worn)
 o - a +2 hat (worn)
Jewellery
 l - a ring of protection from cold (right claw)
 B - a ring of protection from cold (left claw)
Wands
 n - a wand of flame (11)
 s - a wand of digging (3)
 F - a wand of iceblast (9)
 H - a wand of polymorph (14)
 M - a wand of mindburst (8)
Scrolls
 e - a scroll of fog
 g - 4 scrolls of immolation
 i - 5 scrolls of teleportation
 r - a scroll of vulnerability
 v - a scroll of brand weapon
 w - 2 scrolls of enchant armour
 x - a scroll of amnesia
 I - 2 scrolls of poison
 K - a scroll of enchant weapon {unknown}
 P - a scroll of acquirement {unknown}
Potions
 b - a potion of haste
 j - 3 potions of mutation
 k - a potion of cancellation
 m - a potion of attraction
 p - 2 potions of magic
 q - 2 potions of enlightenment
 D - a potion of might
 J - a potion of brilliance {unknown}
 L - a potion of berserk rage {unknown}
 N - 2 potions of lignification {unknown}


   Skills:
 - Level 10.0 Fighting
 - Level 10.0 Throwing
 - Level 2.4 Dodging
 - Level 10.0 Unarmed Combat
 + Level 8.0 Invocations


You had 11 spell levels left.
You didn't know any spells.
Your spell library contained the following spells:

 Spells                   Type           Power      Damage    Failure   Level
 Apportation              Tloc           0%         N/A       61%         1
 Magic Dart               Conj           0%         1d3       61%         1
 Necrotise                Necr           0%         1d4       61%         1
 Summon Small Mammal      Summ           0%         N/A       61%         1
 Call Imp                 Summ           0%         N/A       75%         2
 Scorch                   Fire           0%         2d5       75%         2
 Frozen Ramparts          Ice            0%         1d1       93%         3
 Mephitic Cloud           Conj/Pois/Air  0%         N/A       93%         3
 Tukima's Dance           Hex            0%         N/A       93%         3
 Vampiric Draining        Necr           0%         2d6       93%         3
 Flame Wave               Conj/Fire      0%         2d4       100%        4
 Passage of Golubria      Tloc           0%         N/A       100%        4
 Petrify                  Tmut/Erth      0%         N/A       100%        4
 Agony                    Necr           0%         N/A       100%        5
 Metabolic Englaciation   Hex/Ice        0%         N/A       100%        5
 Yara's Violent Unravell  Hex/Tmut       0%         3d3       100%        5
 Summon Cactus Giant      Summ           0%         N/A       100%        6


Dungeon Overview and Level Annotations

Branches:
Dungeon (11/15)            Temple (1/1) D:7            Lair (1/5) D:10
    Orc (0/2) D:9           Sewer (visited)         Gauntlet (1/1)

Altars:
Ashenzari
Cheibriados
Dithmenos
Elyvilon
Fedhas
Gozag
Hepliaklqana
Kikubaaqudgha
Makhleb
Nemelex Xobeh
Okawaru
Qazlal
Ru
Sif Muna
Trog
Uskayaw
Vehumet
Wu Jian
Xom
Yredelemnul
Zin
The Shining One

Shops:
D:3 !

Annotations:
D:2 1 runed translucent door, Crazy Yiuf
D:9 3 runed translucent doors, Lorrdernie's ghost, novice DsSh; lunkers's ghost, novice MeSh Gauntlet 9 transporters


Innate Abilities, Weirdness & Mutations

You are too large for most types of armour.
You have claws for hands.
Your natural rate of healing is unusually fast.
You are covered in fur. (AC +1)
You have tough skin. (AC +1)
You are dopey. (Int -2)


Message History

Unknown command.
You stomp with the beat, sending a shockwave through the revellers around you!
You destroy the large abomination!
The small abomination is moderately damaged. x2
The small abomination hits you!
* * * LOW HITPOINT WARNING * * *
The small abomination barely misses you.
The small abomination hits you!
* * * LOW HITPOINT WARNING * * *
Uskayaw will force your foes to helplessly watch your dance.
You feel better.
The large abomination barely misses you.
The small abomination hits you but does no damage.
The small abomination hits you.
* * * LOW HITPOINT WARNING * * *
You stomp with the beat, sending a shockwave through the revellers around you!
The large abomination is moderately damaged.
The small abomination is severely damaged.
The small abomination is almost destroyed.
The large abomination hits you!
* * * LOW HITPOINT WARNING * * *
The small abomination hits you.
* * * LOW HITPOINT WARNING * * *
The small abomination barely misses you.
Uskayaw will force your foes to helplessly watch your dance.
You mangle the small abomination!!
You destroy the small abomination!
The large abomination closely misses you.
The small abomination hits you but does no damage.
Your Invocations skill increases to level 8!
You scratch the small abomination but do no damage.
The small abomination is almost destroyed.
The large abomination hits you.
* * * LOW HITPOINT WARNING * * *
Uskayaw prepares the audience for your solo!
The helpless small abomination fails to defend itself.
You claw the small abomination!
You destroy the small abomination!
You barely miss the small abomination. The small abomination hits you!
You die...

##..PP♣.##8.©.8##.♣P#
##≈.PP.P.#8.8^8.8#...≈
#≈≈.PPP♣.#...8...#...#
#≈......#.).©...#...P
##.P♣.#############..
##≈....#©....©....©#..
#≈≈.##################
##≈.#.x.....#.#t......
##.#@#..##x#.#.⌠.8.8.
##≈.#Xx.©##.#.#..P.P..
#≈≈.#.###...#.#.#.©.#.
##≈.#.###...#.#..P.P..
##.#.###...#.#.#.#.#.
##≈.#.[?©.$.#.#..(©[$.
#≈≈.#########.########
##≈...................
##..♣..P♣...♣...♣P...


You could see a large abomination (paralysed) and 2 small abominations.

Vanquished Creatures
  2 two-headed ogres
  A deep troll (D:11)
  Pikel (D:7)
  A shining eye (Gauntlet)
  A rust devil (Gauntlet)
  2 gargoyles
  A cane toad (Lair:1)
  3 trolls
  2 large abominations (Gauntlet)
  A hornet (D:10)
  3 small abominations (Gauntlet)
  2 vampires
  37 yaks
  A ynoxinul (Gauntlet)
  2 wyverns
  A shadow (D:9)
  A golden eye (Gauntlet)
  A basilisk (D:6)
  A steam dragon (D:8)
  4 wargs (D:9)
  An acid dragon (D:7)
  A water moccasin (Sewer)
  Duvessa (D:4)
  4 black bears
  A sky beast (D:6)
  4 orc warriors
  An ogre (D:4)
  9 centaurs
  A lemure (D:6)
  A phantom (D:6)
  3 kobold brigands
  3 bullfrogs
  2 scorpions (D:5)
  10 wights
  Dowan (D:4)
  5 killer bees (D:9)
  2 howler monkeys (D:9)
  2 jellies (D:5)
  2 gnoll boudas
  5 orc priests
  2 sleepcaps
  3 hounds
  4 iron imps (Gauntlet)
  Jessica (D:2)
  16 orc wizards
  4 iguanas
  Robin (D:2)
  11 gnolls
  12 adders
  4 river rats (D:5)
  A shadow imp (D:8)
  A white imp (D:7)
  An ufetubus (D:6)
  3 worms
  6 dart slugs
  60 orcs
  13 bats
  8 endoplasms
  2 giant cockroaches
  11 goblins
  16 hobgoblins
  A jackal (D:1)
  22 kobolds
  6 quokkas
  10 ball pythons
  2 frilled lizards
  14 rats
362 creatures vanquished.

Notes
Turn   | Place    | Note
-------+----------+-------------------------------------------
     0 | D:1      | experimilk the Troll Gladiator began the quest for the Orb.
     0 | D:1      | Reached XP level 1. HP: 19/19 MP: 0/0
   218 | D:1      | Reached XP level 2. HP: 27/27 MP: 1/1
   390 | D:1      | Reached XP level 3. HP: 33/33 MP: 2/2
   784 | D:2      | Noticed Jessica
   786 | D:2      | Killed Jessica
   787 | D:2      | Reached skill level 5 in Unarmed Combat
   787 | D:2      | Reached XP level 4. HP: 41/41 MP: 3/3
   929 | D:2      | Noticed Robin
   941 | D:2      | Killed Robin
  1568 | D:2      | Reached XP level 5. HP: 48/48 MP: 4/4
  1728 | D:2      | Found a runed translucent door.
  1729 | D:2      | Noticed Crazy Yiuf
  1953 | D:3      | Found a faded altar of an unknown god.
  2572 | D:3      | Found Dyucut's Distillery.
  2580 | D:3      | Bought a potion of heal wounds for 50 gold pieces
  2580 | D:3      | Bought a potion of heal wounds for 50 gold pieces
  2580 | D:3      | Bought a potion of curing for 30 gold pieces
  2580 | D:3      | Bought a potion of degeneration for 10 gold pieces
  2796 | D:3      | Reached XP level 6. HP: 40/55 MP: 5/5
  3253 | D:4      | Noticed Dowan
  3262 | D:4      | Noticed Duvessa
  3282 | D:4      | Killed Duvessa
  3290 | D:4      | Killed Dowan
  3291 | D:4      | Reached XP level 7. HP: 35/62 MP: 6/6
  4091 | D:5      | Entered Level 5 of the Dungeon
  4202 | D:5      | Found an opulent altar of Gozag.
  4485 | D:5      | Reached XP level 8. HP: 39/70 MP: 7/7
  4496 | D:5      | Found a glowing drain.
  4500 | Sewer    | Entered a sewer
  4544 | Sewer    | Reached skill level 10 in Unarmed Combat
  5058 | D:5      | Identified the +8 whip of Starshine {freeze, rF+ Dex+2}
  5164 | D:6      | Reached skill level 5 in Throwing
  6002 | D:6      | Upgraded the game from 0.31-a0-431-g88bdf31460 to
                  | 0.31-a0-455-g1a7b003ef0
  6003 | D:7      | Noticed Pikel
  6178 | D:7      | Noticed a two-headed ogre
  6785 | D:6      | Reached XP level 9. HP: 52/76 MP: 8/8
  6851 | D:7      | Found a staircase to the Ecumenical Temple.
  7270 | Temple   | Entered the Ecumenical Temple
  7281 | Temple   | Became a worshipper of Uskayaw the Reveller
  7349 | D:7      | Reached * piety under Uskayaw
  7355 | D:7      | Reached ** piety under Uskayaw
  7362 | D:7      | Reached *** piety under Uskayaw
  7365 | D:7      | Reached **** piety under Uskayaw
  7371 | D:7      | Reached ***** piety under Uskayaw
  7374 | D:7      | Reached skill level 10 in Throwing
  7559 | D:7      | Reached XP level 10. HP: 70/84 MP: 2/9
  7756 | D:7      | Killed Pikel
  7953 | D:7      | Killed a two-headed ogre
  7954 | D:7      | Reached skill level 5 in Fighting
  9528 | D:8      | Found a bloodstained altar of Trog.
  9699 | D:9      | Found an ancient bone altar of Kikubaaqudgha.
  9795 | D:9      | Found a burning altar of Makhleb.
  9796 | D:9      | Found a glowing silver altar of Zin.
  9951 | D:9      | Found a staircase to the Orcish Mines.
  9958 | D:9      | HP: 5/104 [warg (12)]
 10060 | D:9      | Found a runed translucent gate.
 10060 | D:9      | Found a runed translucent gate.
 10060 | D:9      | Found a runed translucent gate.
 10061 | D:9      | Noticed lunkers's ghost (novice MeSh)
 10180 | D:9      | Identified the +4 scimitar "Vuller" {holy, rElec Dex+2
                  | Stlth+}
 10210 | D:9      | Noticed Lorrdernie's ghost (novice DsSh)
 10312 | D:9      | Reached XP level 11. HP: 111/111 MP: 10/10
 10835 | D:10     | Entered Level 10 of the Dungeon
 11019 | D:10     | Found a staircase to the Lair.
 11238 | D:10     | Reached skill level 10 in Fighting
 11331 | D:10     | Reached skill level 1 in Invocations
 11335 | D:10     | Found a white marble altar of Elyvilon.
 12041 | D:11     | Noticed a two-headed ogre
 12049 | D:11     | Killed a two-headed ogre
 12253 | D:11     | Reached skill level 5 in Invocations
 12535 | D:11     | Noticed a deep troll
 12542 | D:11     | Killed a deep troll
 12857 | Lair:1   | Entered Level 1 of the Lair of Beasts
 12923 | Lair:1   | Reached XP level 12. HP: 69/126 MP: 11/16
 12987 | Lair:1   | Found a gate leading to a gauntlet.
 13012 | Gauntlet | Entered a Gauntlet
 13012 | Gauntlet | Found a transporter.
 13012 | Gauntlet | Found a runed translucent gate.
 13012 | Gauntlet | Found a runed translucent gate.
 13015 | Gauntlet | Found a runed translucent gate.
 13016 | Gauntlet | Found a transporter.
 13018 | Gauntlet | Found a transporter.
 13034 | Gauntlet | Found a transporter.
 13035 | Gauntlet | Found a transporter.
 13045 | Gauntlet | Found a transporter.
 13065 | Gauntlet | Found a transporter.
 13065 | Gauntlet | Noticed a blizzard demon
 13075 | Gauntlet | Found a transporter.
 13075 | Gauntlet | Noticed a ghost crab
 13085 | Gauntlet | Found a transporter.
 13121 | Gauntlet | Found a transporter.
 13121 | Gauntlet | Found a transporter.
 13123 | Gauntlet | Found a transporter.
 13148 | Gauntlet | Found a transporter.
 13171 | Gauntlet | Found a transporter.
 13262 | Gauntlet | Gained mutation: You are dopey. (Int -2) [a shining eye]
 13497 | Gauntlet | HP: 4/126 [large abomination (13)]
 13499 | Gauntlet | HP: 1/126 [large abomination (3)]
 13501 | Gauntlet | Demolished by a small abomination

Illustrated notes

Levels and vault maps discovered:
D:1:      eino_arrival_water_cross, layout_loops_ring
D:2:      cheibrodos_helix_gallery, layout_loops_ring, uniq_jessica,
          uniq_crazy_yiuf_cottage, uniq_robin
D:3:      layout_rooms, hellmonk_ecumenical_altar_blasted, serial_shops, shop,
          kennysheep_crisscross, kennysheep_pointless_box
D:4:      layout_loops_ring, minmay_misc_feat_iff, uniq_duvessa
D:5:      layout_basic, mainiacjoe_overflow_alcove_4, lightli_sewer_entry_pipes
D:6:      layout_rooms
D:7:      layout_rooms, minmay_temple_entry_glass, uniq_pikel
D:8:      layout_loops_ring, trog_ov_bears_minmay
D:9:      layout_small_grid, gammafunk_temple_overflow_forgotten,
          minmay_orc_entry_guard_dogs, gammafunk_ghost_cemetery
D:10:     layout_rooms, marbit_many_paths, lair_entry_dummy,
          hangedman_abyss_or_decor_stagger
D:11:     dreamdust_cave_troll, layout_loops_cross, hangedman_decor_riveting
Temple:   eino_temple_scatter_basement
Lair:1:   minmay_lair_oklob_tunnel, layout_gridlike, gauntlet_entry_generic,
          infiniplex_staircase_pool
Gauntlet: minmay_gauntlet_77_tree [minmay_gauntlet_arena_77_run_for_it,
          minmay_gauntlet_arena_77_checkered,
          minmay_gauntlet_arena_77_terracotta_army,
          minmay_gauntlet_arena_77_two_paths,
          minmay_gauntlet_arena_77_double_cross,
          minmay_gauntlet_arena_77_museum, minmay_gauntlet_arena_77_block_sizes,
          nicolae_gauntlet_exit_dead_adventurers]

Skill      XL: |  1  2  3  4  5  6  7  8  9 10 11 12 |
---------------+-------------------------------------+-----
Unarmed Combat | 4 5 6 8 9 10 | 10.0
Throwing       | 6 10 | 10.0
Fighting       | 2 8 10 | 10.0
Invocations    | 6 8 |  8.0
Dodging        | |  2.4

Action                     |  1- 3 |  4- 6 |  7- 9 | 10-12 || total
---------------------------+-------+-------+-------+-------++-------
  Melee: Unarmed           |    77 |   204 |   259 |   328 ||   868
         Punch             |     3 |     4 |    14 |    18 ||    39
  Throw: Dart              |     2 |     1 |    13 |    67 ||    83
         Stone             |       |    29 |     2 |       ||    31
         Boomerang         |       |     5 |    63 |    71 ||   139
         Large rock        |       |       |     1 |     3 ||     4
 Invoke: Stomp             |       |       |     1 |    26 ||    27
         Line Pass         |       |       |     1 |     9 ||    10
  Evoke: Wand              |       |     2 |       |       ||     2
    Use: Scroll            |       |     4 |     6 |    10 ||    20
         Potion            |       |       |     2 |     7 ||     9
   Stab: Sleeping          |       |     1 |     2 |       ||     3
         Paralysed         |       |       |     1 |    15 ||    16
         Confused          |       |       |     1 |       ||     1
 Armour: Robe              |    28 |    90 |   130 |       ||   248
         Acid dragon scale |       |       |     9 |   173 ||   182
  Dodge: Dodged            |    34 |   130 |   153 |   160 ||   477

Table legend: (Time is in decaauts)
 A = Elapsed time spent in this place.
 B = Non-inter-level travel time spent in this place.
 C = Inter-level travel time spent in this place.
 D = Time resting spent in this place.
 E = Time spent auto-exploring this place.
 F = Levels seen in this place.
 G = Mean time per level.
                   A        B        C        D        E       F      G
               +--------+--------+--------+--------+--------+-----+--------+
         Total |  13343 |  12718 |    625 |   4377 |   5143 |  15 |  889.5 |
       Dungeon |  12578 |  11962 |    616 |   4149 |   5143 |  11 | 1143.5 |
        Temple |     21 |     12 |      9 |      0 |      0 |   1 |   21.0 |
          Lair |    149 |    149 |      0 |     77 |      0 |   1 |  149.0 |
         Sewer |    112 |    112 |      0 |     28 |      0 |   1 |  112.0 |
      Gauntlet |    481 |    481 |      0 |    123 |      0 |   1 |  481.0 |
               +--------+--------+--------+--------+--------+-----+--------+

Top non-repeatable levels by time:
     D:6: 2080 daAuts
     D:2: 1416 daAuts
     D:8: 1368 daAuts
    D:11: 1273 daAuts
     D:9: 1123 daAuts
     D:4: 1080 daAuts
     D:7: 1035 daAuts
     D:3: 877 daAuts
     D:5: 834 daAuts
     D:1: 771 daAuts
    D:10: 716 daAuts
Gauntlet: 481 daAuts
  Lair:1: 149 daAuts
   Sewer: 112 daAuts
  Temple: 21 daAuts
